 Dungeon Crawl Stone Soup version 0.22.0-49-gab54619 (webtiles) character file.

749 Lew the Sneak (level 7, 0/44 HPs)
             Began as a Gargoyle Fighter on Sept 3, 2018.
             Killed by divine providence
             ... invoked by an orc priest
              (14 damage)
             ... on level 4 of the Dungeon.
             The game lasted 00:06:12 (3065 turns).

Lew the Sneak (Gargoyle Fighter)                    Turns: 3065, Time: 00:06:13

Health: 0/44       AC: 14    Str: 20    XL:     7   Next: 77%
Magic:  7/7        EV:  7    Int:  8    God:
Gold:   79         SH: 12    Dex: 11    Spells: 6/6 levels left

rFire    + . .     SeeInvis .   a - +2 war axe
rCold    + . .     Gourm    +   c - +2 shield
rNeg     + . .     Faith    .   b - +0 scale mail
rPois    ∞         Spirit   .   (no helmet)
rElec    +         Reflect  .   p - scarf {rC+ rF+}
rCorr    .         Harm     .   (no gloves)
MR       .....                  (no boots)
Stlth    +.........             m - amulet of the gourmand
HPRegen  0.14/turn              (no ring)
MPRegen  0.10/turn              (no ring)

@: no status effects
A: iridescent scales 1, blurry vision 1, negative energy resistance 1, screaming
1, electricity resistance, unbreathing, petrification resistance, rot immunity,
subdued magic 1, AC +4
a: no special abilities


You were on level 4 of the Dungeon.
You were completely stuffed.

You visited 1 branch of the dungeon, and saw 4 of its levels.

You collected 148 gold pieces.
You spent 69 gold pieces at shops.

Inventory:

Hand Weapons
 a - a +2 war axe (weapon)
Armour
 b - a +0 scale mail (worn)
 c - a +2 shield (worn)
 p - a scarf of resistance (worn)
Jewellery
 e - an uncursed ring of fire
 m - an amulet of the gourmand (around neck)
Wands
 r - a wand of acid (11)
Scrolls
 g - 2 scrolls of teleportation
 i - a scroll of remove curse
 j - a scroll of fog
 t - a scroll of identify
Potions
 d - 3 potions of might
 h - a potion of haste
 k - a potion of brilliance
 l - a potion of heal wounds
 n - a potion of magic
 o - a potion of lignification
 s - a potion of resistance
 u - a potion of curing
Comestibles
 f - 7 rations
 q - a chunk of flesh


   Skills:
 - Level 5.0 Fighting
 + Level 3.6 Axes
 - Level 5.0 Armour
 - Level 5.3 Stealth
 - Level 5.0 Shields


You had 6 spell levels left.
You didn't know any spells.
Your spell library was empty.

Dungeon Overview and Level Annotations

Branches:
Dungeon (4/15)
 Temple: D:4-7

Altars:
Gozag
Nemelex Xobeh
Ru
Xom

Shops:
D:4 *


Innate Abilities, Weirdness & Mutations

You are resistant to torment.
Your stone body is resilient. (AC +4)
You are immune to poison.
You resist negative energy. (rN+)
You are resistant to electric shocks. (rElec)
You can survive without breathing.
You are immune to petrification.
You are immune to rotting.
You are partially covered in iridescent scales. (AC +2)
Scrolls take you a little longer to read.
You occasionally shout uncontrollably at your foes.
Your spells are a little easier to cast, but a little less powerful.


Message History

The orc priest hits you but does no damage.
Something completely misses you.
Your shield and scale mail prevent you from hitting the orc priest.
The orc priest is almost dead.
You miss something. You hit the orc priest. You block the orc priest's attack.
The orc priest hits you.
You hear some strange, mumbled words.
A magic dart appears from out of thin air!
The magic dart hits you!
The orc priest invokes the aid of Beogh against you.
Beogh smites you! The orc priest barely misses you.
You hit the orc priest.
The orc priest is almost dead.
You slash something!
Reactivating autopickup.
You feel a bit more experienced.
You completely miss the orc priest. You block the orc priest's attack.
The orc priest calls down the wrath of Beogh upon you.
Beogh smites you!
You die...

##### ....##
##...#############
#................#
#....###########.#
..#.## #....#
..#.#########.#o@#
............. #o)#
###.######## #..#
# #.# #..# # #.#
#..# # #.# ...# #
#.# #.... ###.#
#...## ....# ###..


You could see 2 orc priests.

Vanquished Creatures
  Grinder (D:3)
  Duvessa (D:4)
  Blork the orc (D:4)
  Dowan (D:4)
  2 hounds (D:4)
  An iguana (D:4)
  Terence (D:2)
  2 orc wizards
  2 worker ants (D:4)
  6 adders
  2 worms
  7 leopard geckos
  4 orcs
  2 ball pythons (D:1)
  5 bats
  5 giant cockroaches
  3 goblins
  6 hobgoblins
  3 jackals (D:4)
  9 kobolds
  3 quokkas
  3 frilled lizards
  8 rats
78 creatures vanquished.

Notes
Turn   | Place    | Note
-------+----------+-------------------------------------------
     0 | D:1      | Lew the Gargoyle Fighter began the quest for the Orb.
     0 | D:1      | Reached XP level 1. HP: 14/14 MP: 1/1
    60 | D:1      | Reached XP level 2. HP: 11/19 MP: 2/2
   252 | D:1      | Reached skill level 1 in Stealth
   437 | D:1      | Reached XP level 3. HP: 23/23 MP: 3/3
   824 | D:2      | Noticed Terence
   840 | D:2      | Killed Terence
   840 | D:2      | Reached XP level 4. HP: 25/29 MP: 4/4
  1454 | D:3      | Gained mutation: You occasionally shout uncontrollably at
                  | your foes. [potion of mutation]
  1454 | D:3      | Gained mutation: Your spells are a little easier to cast,
                  | but a little less powerful. [potion of mutation]
  1454 | D:3      | Gained mutation: Scrolls take you a little longer to read.
                  | [potion of mutation]
  1454 | D:3      | Gained mutation: You are partially covered in iridescent
                  | scales. (AC +2) [potion of mutation]
  1518 | D:3      | Reached XP level 5. HP: 5/33 MP: 5/5
  1765 | D:3      | Found a shimmering altar of Xom.
  1795 | D:3      | Noticed Grinder
  1807 | D:3      | Paralysed by Grinder for 6 turns
  1817 | D:3      | Paralysed by Grinder for 4 turns
  1821 | D:3      | Killed Grinder
  1821 | D:3      | Reached XP level 6. HP: 7/39 MP: 6/6
  2367 | D:3      | Found a sparkling altar of Nemelex Xobeh.
  2367 | D:3      | Found an opulent altar of Gozag.
  2579 | D:4      | Found Nocab's Assorted Antiques.
  2593 | D:4      | Bought a scroll labeled QAISMA MERY for 24 gold pieces
  2593 | D:4      | Bought a scroll labeled CIOBOI AKKAKH for 24 gold pieces
  2593 | D:4      | Bought a ruby potion for 21 gold pieces
  2681 | D:4      | Noticed Blork the orc
  2693 | D:4      | Killed Blork the orc
  2693 | D:4      | Reached XP level 7. HP: 28/44 MP: 7/7
  2820 | D:4      | Reached skill level 5 in Armour
  2820 | D:4      | Reached skill level 5 in Shields
  2822 | D:4      | Reached skill level 5 in Fighting
  2844 | D:4      | Found a sacrificial altar of Ru.
  2936 | D:4      | Noticed Duvessa
  2936 | D:4      | Noticed Dowan
  2965 | D:4      | Killed Duvessa
  2971 | D:4      | Killed Dowan
  2971 | D:4      | Reached skill level 5 in Stealth
  3065 | D:4      | Killed from afar by an orc priest

Skill      XL: |  1  2  3  4  5  6  7 |
---------------+----------------------+-----
Stealth        | 1 2 3 5 |  5.3
Axes           | 2 3 |  3.6
Shields        | 4 5 |  5.0
Armour         | 4 5 |  5.0
Fighting       | 4 5 |  5.0

Action                   |  1- 3 |  4- 6 |  7- 9 || total
-------------------------+-------+-------+-------++-------
Melee: War axe           |   105 |   157 |    64 ||   326
  Use: Potion            |       |     9 |       ||     9
       Scroll            |       |    11 |     2 ||    13
  Eat: Chunk             |       |     2 |    11 ||    13
       Ration            |       |     1 |       ||     1
Armor: Scale mail        |    53 |    65 |    36 ||   154
Dodge: Dodged            |    39 |    33 |    16 ||    88
Block: Shield            |    62 |    93 |    49 ||   204
